Description

Very micro intensive & aggressive build order. Zoun used this build to defeat soO in GSL. It's an incredibly fun build that really tests your ability to multitask and micro. Good luck keeping up with all the things you can do!

VOD

https://www.youtube.com/watch?v=KzjT3CaXtHI

Replay - Zoun's Disruptor Drop into Colossus

Build Order

Get SALT Encoding   

  12  0:00  Probe  
  13  0:12  Probe  
  14  0:19  Pylon  
  14  0:24  Probe  
  15  0:37  Probe (Chrono Boost)  
  15  0:39  Gateway  
  16  0:46  Probe x2 (Chrono Boost)  
  17  0:53  Assimilator  
  18  1:03  Probe  
  19  1:15  Probe  
  20  1:23  Nexus  
  20  1:33  Cybernetics Core  
  20  1:37  Probe  
  21  1:41  Assimilator  
  21  1:50  Probe, Pylon  
  22  2:07  Adept (Chrono Boost)  
  23  2:10  Warp Gate  
  27  2:22  Robotics Facility  
  28  2:31  Stalker  
  32  2:47  Gateway  
  35  3:07  Warp Prism (Chrono Boost)  
  39  3:17  Robotics Bay  
  41  3:29  Pylon  
  42  3:37  Immortal (Chrono Boost)  
  48  3:56  Pylon  
  48  4:01  Assimilator x2  
  50  4:05  Gravitic Drive, Disruptor (Chrono Boost)  
  53  4:13  Pylon  
  56  4:30  Gateway x4  
  57  4:35  Disruptor (Chrono Boost)  
  60  5:01  Adept x2, Colossus (Chrono Boost)  
  70  5:20  Shield Battery  
  70  5:24  Sentry x3  
  76  5:29  Zealot x3  
  82  5:51  Stalker x6  
  94  6:16  Zealot x3  
  94  6:17  Stalker  
Spawning Tool Build Advisor. Get it on Overwolf

Go to:

Details

  • Created by: hushang      
  • Published on: Sep 18, 2020
  • Modified on: Sep 18, 2020
  • Patch: 4.11.0
  • Difficulty: Hard
Show
View Real Time Build Order
Export as new Build Order

Comments (0)

There are no comments. Be the first!

Create an account to comment!